 Dungeon Crawl Stone Soup version 0.21.1-1-g345015fe64 (webtiles) character file.

2210 Ilves the Cleaver (level 9, -7/123 HPs)
             Began as a Hill Orc Berserker on Apr 15, 2018.
             Was an Elder of Trog.
             Mangled by a two-headed ogre
             ... wielding a +0 giant club
              (12 damage)
             ... on level 8 of the Dungeon.
             The game lasted 00:15:37 (7786 turns).

Ilves the Cleaver (Hill Orc Berserker)              Turns: 7786, Time: 00:15:38

Health: -7/123     AC: 13    Str: 25    XL:     9   Next: 35%
Magic:  9/9        EV: 10    Int:  7    God:    Trog [****..]
Gold:   417        SH:  4    Dex: 13    Spells: 8/8 levels left

rFire    . . .     SeeInvis .   b - +0 war axe
rCold    + . .     Gourm    +   t - +0 buckler
rNeg     . . .     Faith    .   v - +2 scale mail {rC+}
rPois    .         Spirit   .   e - +0 helmet
rElec    .         Reflect  .   r - +2 cloak
rCorr    .         Harm     .   (no gloves)
MR       .....                  w - +0 pair of boots
Stlth    ..........             n - amulet of the gourmand
HPRegen  0.30/turn              g - ring of stealth
MPRegen  0.11/turn              (no ring)

@: berserking, very quick
A: no striking features
a: Berserk, Trog's Hand, Brothers in Arms, Burn Spellbooks, Renounce Religion


You were on level 8 of the Dungeon.
You worshipped Trog.
Trog was greatly pleased with you.
You were very full.

You visited 1 branch of the dungeon, and saw 8 of its levels.
You also visited: Sewer.

You collected 417 gold pieces.

Inventory:

Hand Weapons
 b - a +0 war axe (weapon)
 K - the +10 zealot's sword {holy, *Rage rN+ EV+3}
   (You found it on level 6 of the Dungeon)

   It has been blessed by the Shining One to cause great damage to the undead
   and demons.
   It affects your evasion (+3).
   It protects you from negative energy.
   It may make you go berserk in combat.
Armour
 e - a +0 helmet (worn)
 r - a +2 cloak (worn)
 t - a +0 buckler (worn)
 v - a +2 scale mail of cold resistance (worn)
 w - a +0 pair of boots (worn)
 J - a +2 pair of boots
Jewellery
 g - a ring of stealth (left hand)
 n - an amulet of the gourmand (around neck)
 p - a cursed ring of loudness {unknown}
 x - an uncursed ring of magical power {unknown}
 C - an uncursed ring of magical power {unknown}
 F - an uncursed ring of fire {unknown}
 O - a +3 ring of evasion {unknown}
Wands
 y - a wand of flame (8)
 G - a wand of clouds (5)
 I - a wand of enslavement (13)
 M - a wand of digging (17)
 N - a wand of acid (9)
Scrolls
 d - 5 scrolls of remove curse {unknown}
 f - 3 scrolls of fog
 h - a scroll of enchant armour {unknown}
 j - 3 scrolls of amnesia {unknown}
 k - 2 scrolls of fear {unknown}
 m - 2 scrolls of random uselessness
 q - 5 scrolls of teleportation
 s - 3 scrolls of enchant weapon
 u - 2 scrolls of blinking {unknown}
 E - 3 scrolls of identify
 L - a scroll of immolation {unknown}
 P - a scroll of summoning {unknown}
Potions
 a - a potion of ambrosia {unknown}
 i - a potion of magic {unknown}
 l - 3 potions of curing {unknown}
 o - a potion of cancellation {unknown}
 z - 6 potions of flight {unknown}
 A - a potion of heal wounds {unknown}
 B - a potion of resistance {unknown}
 D - a potion of lignification {unknown}
 H - a potion of haste
Comestibles
 c - 16 rations


   Skills:
 + Level 8.3 Fighting
 + Level 13.0 Axes
 - Level 2.1 Armour
 - Level 1.5 Dodging
 + Level 2.9 Shields
 + Level 0.7 Evocations


You had 8 spell levels left.
You didn't know any spells.

Dungeon Overview and Level Annotations

Branches:
Dungeon (8/15)             Temple (0/1) D:6
   Lair: D:8-11

Altars:
Cheibriados
Vehumet

Shops:
D:6 (


Message History

You block the two-headed ogre's attack.
You slash the two-headed ogre!
The two-headed ogre is moderately wounded.
You slash the two-headed ogre!
The two-headed ogre is heavily wounded.
The two-headed ogre hits you with a giant club!!
The two-headed ogre hits you with a giant spiked club!
* * * LOW HITPOINT WARNING * * *
You hit the two-headed ogre but do no damage.
The two-headed ogre is heavily wounded.
A red film seems to cover your vision as you go berserk!
You feel yourself moving faster!
You feel mighty!
The two-headed ogre hits you with a giant club!
* * * LOW HITPOINT WARNING * * *
The two-headed ogre hits you with a giant spiked club!
* * * LOW HITPOINT WARNING * * *
You slash the two-headed ogre!
The two-headed ogre is severely wounded.
The two-headed ogre hits you with a giant club!
You die...

.........#'###
.........#...#
.........#..##
.........#...#
.........###.#
.............#
.............#
.............#
......O@.....#
.............#
.............#
.............#
.............#
##############


You could see a two-headed ogre.

Vanquished Creatures
  The ghost of TheWayOfAllFlesh the Conjurer, a novice DEFE of Vehumet (D:6)
  Menkaure (D:7)
  An ice beast (D:7)
  A black bear (D:6)
  2 phantoms
  2 ogres
  A centaur (D:7)
  2 big kobolds
  2 bullfrogs
  A gnoll sergeant (D:6)
  2 scorpions (D:7)
  2 electric eels (D:7)
  A hound (D:5)
  A bullfrog skeleton (D:8)
  Crazy Yiuf (D:7)
  A centaur skeleton (D:4)
  2 iguanas (D:7)
  A jelly (D:7)
  2 orc wizards (D:4)
  An iron imp (D:4)
  Terence (D:3)
  5 worker ants
  Robin (D:3)
  5 adders
  4 river rats
  5 gnolls
  A shadow imp (D:5)
  An adder zombie (D:7)
  2 worms
  3 dart slugs
  3 leopard geckos
  8 orcs
  2 ball pythons
  6 bats
  4 giant cockroaches
  12 goblins
  6 hobgoblins (D:3)
  13 jackals
  4 quokkas
  9 frilled lizards
  14 kobolds
  A quokka skeleton (D:6)
  12 rats
  A plant (D:7)
151 creatures vanquished.

Notes
Turn   | Place    | Note
-------+----------+-------------------------------------------
     0 | D:1      | Ilves the Hill Orc Berserker began the quest for the Orb.
     0 | D:1      | Reached XP level 1. HP: 19/19 MP: 1/1
    14 | D:1      | Reached XP level 2. HP: 25/27 MP: 2/2
   637 | D:1      | Reached XP level 3. HP: 34/34 MP: 3/3
   765 | D:2      | Reached skill level 5 in Axes
  1436 | D:2      | Reached XP level 4. HP: 39/41 MP: 4/4
  1782 | D:2      | Reached ** piety under Trog
  2032 | D:3      | Noticed Terence
  2044 | D:3      | Killed Terence
  2044 | D:3      | Reached skill level 5 in Fighting
  2044 | D:3      | Reached skill level 6 in Axes
  2185 | D:3      | Reached XP level 5. HP: 48/48 MP: 5/5
  2331 | D:3      | Noticed Robin
  2340 | D:3      | Killed Robin
  2578 | D:4      | Noticed a phantom
  2860 | D:4      | Killed a phantom
  2860 | D:4      | Reached skill level 7 in Axes
  2860 | D:4      | Reached XP level 6. HP: 40/56 MP: 6/6
  2863 | D:4      | Found a radiant altar of Vehumet.
  2871 | D:4      | Found a glowing drain.
  2879 | Sewer    | Entered a sewer
  3023 | Sewer    | Reached skill level 8 in Axes
  3042 | Sewer    | Found a white marble altar of Elyvilon.
  3251 | D:4      | Reached *** piety under Trog
  3508 | D:4      | Reached XP level 7. HP: 62/62 MP: 7/7
  3513 | D:4      | Found a snail-covered altar of Cheibriados.
  3566 | D:4      | Reached skill level 1 in Shields
  3770 | D:5      | Entered Level 5 of the Dungeon
  3786 | D:5      | Reached skill level 9 in Axes
  4599 | D:6      | Found Fiqugila's Antique Weapon Emporium.
  4600 | D:6      | Noticed TheWayOfAllFlesh's ghost (novice DEFE)
  5017 | D:6      | Killed TheWayOfAllFlesh's ghost
  5017 | D:6      | Reached skill level 10 in Axes
  5017 | D:6      | Reached XP level 8. HP: 38/71 MP: 8/8
  5480 | D:6      | Reached skill level 11 in Axes
  5840 | D:6      | Found the +10 zealot's sword {holy, *Rage rN+ EV+3}
  6150 | D:6      | Found a staircase to the Ecumenical Temple.
  6481 | D:7      | Reached skill level 12 in Axes
  6729 | D:7      | Reached XP level 9. HP: 66/81 MP: 9/9
  6946 | D:7      | Noticed Menkaure
  6952 | D:7      | Killed Menkaure
  6966 | D:7      | Reached **** piety under Trog
  7107 | D:7      | Found a runed door.
  7640 | D:7      | Noticed Crazy Yiuf
  7644 | D:7      | Killed Crazy Yiuf
  7763 | D:8      | Reached skill level 13 in Axes
  7775 | D:8      | Noticed a two-headed ogre
  7785 | D:8      | HP: 5/123 [two-headed ogre/giant club (10)]
  7786 | D:8      | Mangled by a two-headed ogre

Skill      XL: |  1  2  3  4  5  6  7  8  9 |
---------------+----------------------------+-----
Fighting       | 4 5 6 7 8 |  8.3
Axes           | 5 6 7 8 10 12 13 | 13.0
Shields        | 1 2 |  2.9
Armour         | |  2.1
Dodging        | |  1.5
Evocations     | |  0.7

Action                   |  1- 3 |  4- 6 |  7- 9 || total
-------------------------+-------+-------+-------++-------
Melee: Hand axe          |    92 |    64 |       ||   156
       War axe           |       |   150 |   224 ||   374
Invok: Berserk           |       |     3 |     4 ||     7
       Trog's Hand       |       |       |     2 ||     2
Evoke: Wand              |       |     6 |     4 ||    10
  Use: Scroll            |       |     4 |       ||     4
 Stab: Sleeping          |     4 |     1 |       ||     5
       Distracted        |       |       |     1 ||     1
  Eat: Chunk             |     2 |    19 |    17 ||    38
       Ration            |       |       |     1 ||     1
Armor: Animal skin       |    17 |    14 |       ||    31
       Scale mail        |       |    76 |    91 ||   167
Dodge: Dodged            |    57 |   113 |    85 ||   255
Block: Buckler           |       |    22 |    36 ||    58
